 Dungeon Crawl Stone Soup version 0.31.0-4-g52a2dc7128 (webtiles) character file.

Game seed: 11649380899121329327

112 GreatBamboolord the Shooter (level 4, 0/37 HPs)
             Began as a Barachi Hunter on Jan 23, 2024.
             Incinerated by a bombardier beetle (3 damage)
             ... with a burning spray
             ... on level 3 of the Dungeon.
             The game lasted 00:03:53 (1315 turns).

GreatBamboolord the Shooter (Barachi Hunter)        Turns: 1315, Time: 00:03:54

Health: 0/37       AC:  4    Str: 12    XL:     4   Next: 95%
Magic:  4/4        EV: 18    Int:  9    God:
Gold:   81         SH:  0    Dex: 18    Spells: 3/3 levels left

rFire   . . .        a - +0 shortbow
rCold   + + .        (shield currently unavailable)
rNeg    . . .        c - +0 leather armour
rPois   .            g - +0 helmet
rElec   .            (no cloak)
rCorr   .            (no gloves)
SInv    .            (no boots)
Will    +....        (no amulet)
Stlth   +            j - +5 ring of evasion
HPRegen 0.26/turn    n - ring of willpower
MPRegen 0.09/turn

%: no passive effects
@: on fire, glowing, slow
A: amphibious, slowness 1, strong legs 1, +LOS, cold resistance 2
a: Hop


You were on level 3 of the Dungeon.
You visited 1 branch of the dungeon, and saw 3 of its levels.

You collected 81 gold pieces.

Inventory:

Hand Weapons
 a - a +0 shortbow (weapon)
Armour
 c - a +0 leather armour (worn)
 g - a +0 helmet (worn)
Jewellery
 j - a +5 ring of evasion (left hand)
 n - a ring of willpower (right hand)
Talismans
 d - a granite talisman
Scrolls
 b - 2 scrolls of butterflies
 h - a scroll of vulnerability
Potions
 e - a potion of might {unknown}
 f - a potion of enlightenment
 i - a potion of heal wounds {unknown}
 k - 2 potions of mutation
 l - 3 potions of curing {unknown}
 m - a potion of resistance {unknown}


   Skills:
 * Level 3.8 Fighting
 * Level 4.6 Ranged Weapons
 * Level 3.4 Dodging
 + Level 1.8 Stealth


You had 3 spell levels left.
You didn't know any spells.
Your spell library was empty.

Dungeon Overview and Level Annotations

Branches:
Dungeon (3/15)

Altars:


Innate Abilities, Weirdness & Mutations

You are amphibious.
You cover ground slowly.
You can hop short distances.
You have an extended range of vision and can be seen from far away.
Your flesh is very cold resistant. (rC++)


Message History

The arrow hits the bombardier beetle but does no damage.
The bombardier beetle is heavily wounded.
The liquid fire burns you!
You shoot an arrow.
The arrow hits the bombardier beetle but does no damage.
The bombardier beetle is heavily wounded.
The liquid fire burns you!
You shake off some of the fire as you move.
The liquid fire burns you!
You shake off the liquid fire.
The bombardier beetle sprays incendiary fluid at you.
The burning spray hits you.
You are covered in liquid fire!
You shake off some of the fire as you move.
The liquid fire burns you!
The bombardier beetle sprays incendiary fluid at you.
The burning spray hits you.
You are even more covered in liquid fire!
You shake off some of the fire as you move.
The liquid fire burns you!
You shake off some of the fire as you move.
The liquid fire burns you!
* * * LOW HITPOINT WARNING * * *
You shake off some of the fire as you move.
The liquid fire burns you!
* * * LOW HITPOINT WARNING * * *
Fire: a) +0 shortbow
Press: ? - help, Shift-Dir - straight line, f/p - bombardier beetle
Aim: a bombardier beetle (heavily wounded, 74% to hit)
You shoot an arrow. The arrow hits the bombardier beetle.
The bombardier beetle is heavily wounded.
The liquid fire burns you!
* * * LOW HITPOINT WARNING * * *
Fire: a) +0 shortbow
Press: ? - help, Shift-Dir - straight line, f/p - bombardier beetle
Aim: a bombardier beetle (heavily wounded, 74% to hit)
It was a potion of mutation.
You feel extremely strange.
You feel resistant to cold.
You feel more resistant to cold. The liquid fire burns you!
You die...

###..##.### #..
#.....# #.#
#...#.# #..
#..#..# #§#
#.###.#####§# ##
#..#....§..§#..
#.#.#####.###.#
#.#.# #.###.#
##@# # #.....#
#..#.#####.....##
#.##............#
#.##.#####......#
#B# #......# #.#
#.###.....
#.#........#
.....
#......###.# #.##
#......# #.# .#


You could see a bombardier beetle.

Vanquished Creatures
  6 adders (D:2)
  3 ribbon worms
  2 bats
  2 endoplasms (D:1)
  A giant cockroach (D:1)
  5 goblins
  9 hobgoblins
  3 jackals (D:2)
  3 kobolds
  4 quokkas
  4 ball pythons
  2 frilled lizards
  9 rats
53 creatures vanquished.

Notes
Turn   | Place    | Note
-------+----------+-------------------------------------------
     0 | D:1      | GreatBamboolord the Barachi Hunter began the quest for the
                  | Orb.
     0 | D:1      | Reached XP level 1. HP: 17/17 MP: 1/1
    88 | D:1      | Reached skill level 1 in Stealth
   131 | D:1      | Reached XP level 2. HP: 23/23 MP: 2/2
   484 | D:1      | Found a faded altar of an unknown god.
   586 | D:2      | Reached XP level 3. HP: 25/29 MP: 3/3
   725 | D:2      | Reached XP level 4. HP: 19/35 MP: 4/4
  1315 | D:3      | Gained mutation: Your flesh is cold resistant. (rC+)
                  | [potion of mutation]
  1315 | D:3      | Gained mutation: Your flesh is very cold resistant. (rC++)
                  | [potion of mutation]
  1315 | D:3      | Incinerated by a bombardier beetle

Illustrated notes

Levels and vault maps discovered:
D:1:      co_arrival_square_in_a_square_in_a_square, layout_basic,
          ebering_ecumenical_altar_box
D:2:      layout_rooms
D:3:      layout_loops_ring, cheibrodos_sewer_entry_bend

Skill      XL: |  1  2  3 |
---------------+----------+-----
Stealth        | 1 |  1.8
Fighting       | 3 |  3.8
Dodging        | 3 |  3.4
Ranged Weapons | |  4.6

Action                     |  1- 3 |  4- 6 || total
---------------------------+-------+-------++-------
   Fire: Shortbow          |   103 |    87 ||   190
Ability: Hop               |     1 |       ||     1
    Use: Scroll            |     3 |     2 ||     5
         Potion            |       |     1 ||     1
 Armour: Leather armour    |    22 |    10 ||    32
  Dodge: Dodged            |    35 |    37 ||    72
